 Dungeon Crawl Stone Soup version 0.15.0-25-gd84c1e8 (webtiles) character file.

518278 Kashira the Eclecticist (level 25, -14/207 (212) HPs)
             Began as a Naga Wizard on Sept 7, 2014.
             Was the Champion of Cheibriados.
             Demolished by an acid blob (26 damage)
             ... on Level 6 of the Pits of Slime on Sept 10, 2014.
             The game lasted 15:05:24 (96160 turns).

Kashira the Eclecticist (Naga Wizard)              Turns: 96160, Time: 15:05:24

HP -14/207 (212) AC 12     Str 39      XL: 25   Next: 78%
MP   8/52        EV 21     Int 40      God: Cheibriados [******]
Gold 2048        SH 17     Dex 34      Spells: 15 memorised,  4 levels left

rFire  + . .     SeeInvis +     r - +2 demon whip (protect)
rCold  + . .     Clarity  .     l - +5 ring mail of Emmybi {rC+ rN+ MR+}
rNeg   + . .     rCorr    +     X - +0 shield {reflect}
rPois  +         rRot     .     g - +2 helmet
rElec  +         Spirit   .     e - +2 cloak {+Inv}
SustAb .         Warding  .     K - +2 pair of gloves
rMut   +         Stasis   .     O - +3 naga barding "Skoeseo" {Dex+4 Int+1}
Gourm  .                        M - amulet "Oriuch" {rMut Str+2 Int+3}
MR     ++++.                    Q - ring "Gaod" {rElec rC- Str+1 Stlth+}
                                S - ring of magical power

@: mighty, about to teleport, controlling teleports (expiring), resistant,
corroded equipment, repel missiles, very slow, incredibly resistant to hostile
enchantments, stealthy
A: spit poison, constrict 1, icy blue scales 1, see invisible, breathe flames 1,
clumsy 1, deformed body, poison resistance, slowness 2, strong 2, AC +8
a: Spit Poison, Bend Time, Temporal Distortion, Slouch, Step From Time, Renounce
Religion, Breathe Fire, Evoke Invisibility
}: 2/15 runes: barnacled, gossamer


You were on level 6 of the Pits of Slime.
You worshipped Cheibriados.
Cheibriados was exalted by your worship.
You were not hungry.

You visited 9 branches of the dungeon, and saw 54 of its levels.
You also visited: Labyrinth, Ice Cave and Volcano.

You collected 6450 gold pieces.
You spent 4402 gold pieces at shops.

Inventory:

Hand weapons
 r - a +2 demon whip of protection (weapon)
Missiles
 E - 23 javelins (quivered)
 P - 3 throwing nets
Armour
 e - a +2 cloak of darkness (worn)
 g - a +2 helmet (worn)
 l - the +5 ring mail of Emmybi (worn) {rC+ rN+ MR+}
   (You found it on level 12 of the Dungeon)

   It protects you from cold.
   It protects you from negative energy.
   It affects your resistance to hostile enchantments.
 K - a +2 pair of gloves (worn)
 O - the +3 naga barding "Skoeseo" (worn) {Dex+4 Int+1}
   (You found it on level 8 of the Lair of Beasts)

   It affects your intelligence (+1).
   It affects your dexterity (+4).
 X - a +0 shield of reflection (worn)
Magical devices
 m - a wand of disintegration (5)
 o - a wand of flame (10)
 R - a wand of heal wounds (5)
Comestibles
 d - 20 bread rations
 v - 41 fruits
Scrolls
 n - 3 scrolls of enchant armour
 z - a scroll of immolation
 B - 5 scrolls of teleportation
 H - 12 scrolls of identify
 J - 9 scrolls of magic mapping
Jewellery
 A - an uncursed ring of ice
 M - the amulet "Oriuch" (around neck) {rMut Str+2 Int+3}
   (You bought it in a shop on level 1 of the Shoals)

   [amulet of resist mutation]

   It protects you from mutation.
   It affects your strength (+2).
   It affects your intelligence (+3).
 Q - the ring "Gaod" (right hand) {rElec rC- Str+1 Stlth+}
   (You found it on level 10 of the Dungeon)

   [ring of stealth]

   It affects your strength (+1).
   It makes you vulnerable to cold.
   It insulates you from electricity.
   It makes you more stealthy.
 S - a ring of magical power (left hand)
 T - an uncursed ring of fire
Potions
 c - 3 potions of might
 t - a potion of agility
 x - 2 potions of resistance
 Z - 2 potions of curing
Books
 y - a tome of Destruction
 N - a book of Annihilations

   Spells                             Type                      Level
   Poison Arrow                       Conjuration/Poison           6
   Chain Lightning                    Conjuration/Air              8
   Lehudib's Crystal Spear            Conjuration/Earth            8
   Glaciate                           Conjuration/Ice              9
   Fire Storm                         Conjuration/Fire             9
Rods
 Y - a +2 rod of destruction (13/13)
   (You took it off a minotaur on level 3 of the Depths)


   Skills:
 + Level 9.8 Fighting
 + Level 4.4 Throwing
 + Level 8.8 Armour
 + Level 11.5 Dodging
 - Level 3.0 Stealth
 + Level 13.9 Shields
 + Level 19.8 Spellcasting
 + Level 16.6 Conjurations
 + Level 2.0 Hexes
 + Level 3.9 Charms
 - Level 10.0 Summonings
 + Level 12.2 Translocations
   Level 0.4 Transmutations
 + Level 3.7 Fire Magic
 + Level 15.4 Air Magic
 + Level 7.2 Earth Magic
 + Level 9.4 Poison Magic
 + Level 9.2 Invocations
 + Level 3.5 Evocations


You had 4 spell levels left.
You knew the following spells:

 Your Spells              Type           Power        Failure   Level  Hunger
a - Airstrike             Air            ########..   0%          4    None
b - Mephitic Cloud        Conj/Pois/Air  ########     0%          3    None
c - Conjure Flame         Conj/Fire      #######.     1%          3    None
d - Blink                 Tloc           N/A          0%          2    None
e - Repel Missiles        Chrm/Air       ######       1%          2    None
f - Shock                 Conj/Air       ####         0%          1    None
g - Iskenderun's Mystic   Conj           ########     0%          4    None
h - Lightning Bolt        Conj/Air       ########..   1%          5    None
i - Summon Lightning Spi  Summ/Air       #######.     1%          4    None
j - Control Teleport      Chrm/Tloc      #######...   1%          4    None
k - Confuse               Hex            ######..     1%          3    None
l - Iron Shot             Conj/Erth      #######...   1%          6    None
m - Lee's Rapid Deconstr  Erth           #######...   1%          5    None
n - Controlled Blink      Tloc           N/A          4%          7    None
o - Freezing Cloud        Conj/Ice/Air   #######...   1%          6    None


Dungeon Overview and Level Annotations

Branches:
Dungeon (15/15)               Orc (4/4) D:12            Elf (2/3) Orc:4
   Lair (8/8) D:11         Shoals (5/5) Lair:6       Spider (5/5) Lair:4
  Slime (6/6) Lair:8       Vaults (4/5) D:13          Crypt (0/3) Vaults:3
 Depths (5/5) D:15            Zot (0/5) Depths:5
 Temple: D:4-7

Altars:
Cheibriados
Kikubaaqudgha
Nemelex Xobeh
Qazlal
Sif Muna
Trog
Vehumet
Xom
Yredelemnul
Jiyva

Shops:
D:4 *[=*?   D:10 =   Orc:4 :[*(   Shoals:1 =   Depths:2 [

Portals:
Hell: Depths:1 Depths:2 Depths:3 Depths:4 Depths:5
Abyss: Depths:1 Depths:4
Pandemonium: Depths:1 Depths:3
Ziggurat: Depths:2

Annotations:
D:6 Eustachio; Patate's ghost, experienced MiBe
Shoals:4 Mara
Spider:1 Azrael
Slime:6 Royal Jelly


Innate Abilities, Weirdness & Mutations

You cannot wear boots.
You can spit poison.
You can use your snake-like lower body to constrict enemies.
Your serpentine skin is tough (AC +8).
You have supernaturally acute eyesight.
Armour fits poorly on your strangely shaped body.
Your system is resistant to poisons.
You cover ground very slowly.
You are partially covered in icy blue scales (AC +1).
You can breathe flames.
You are clumsy. (Dex -2)
Your muscles are very strong. (Str +4)


Message History

Aiming: Summon Lightning Spire
Press: ? - help, Dir - move target cursor An electric hum fills the air.
You block the royal jelly's attack. You block the royal jelly's attack.
The acid blob spits acid at you. The splash of acid hits you! You resist.
* * * LOW HITPOINT WARNING * * *
The acid burns!
You resist.
* * * LOW HITPOINT WARNING * * *
The acid blob spits acid at you. The splash of acid hits you! You resist.
* * * LOW HITPOINT WARNING * * *
The acid corrodes your equipment!
The acid burns!
You resist.
* * * LOW HITPOINT WARNING * * *
The royal jelly hits you!!
* * * LOW HITPOINT WARNING * * *
You are splashed with acid!
The acid burns!
You resist.
* * * LOW HITPOINT WARNING * * *
The royal jelly misses you. The acid blob hits you!!
You die...

,,,,,,,,,***,*#..**,***,,,,,,,,,,
,,,,,,,,..,*###.#####*.,,,,,,,,,,
,,,,,,,,...##.#...#.#..,,,,,,,,,,
,,,,,,,,...............,,,,,,,,,,
,,,,,,,.................,,,,,,,,,
,,,,,,,..................,,,,,,,,
,,,,,,,.........GJ.......,,,,,,,,
,,,,,,,,......JJJJ.......,,,,,,,*
,,,,,,,,.......J@.........,,,,,,*
,,,,,,,,.......8..........,,,,,,,
,,,,,,,,..................,,,,,,,
,,,,,,,,,.................,,,,,,,
,,,,,,,,,.................,,,,,,,
,,,,,,,,,.................,,,,,,,
,,,,,,,,,.................,,,,,,,
,,,,,,,,..................,,,,,,,
*,,,,,,,..................,,,,,**


You could see the royal jelly, 2 acid blobs, 2 large slime creatures, a slime
creature, a shining eye and a friendly lightning spire.

Vanquished Creatures
  Saint Roka (Shoals:2)
  A golden dragon (Depths:1)
  Jory (Vaults:2)
  10 azure jellies
  2 tentacled monstrosities
  Asterion (Spider:4)
  3 titans
  2 liches
  14 acid blobs
  An octopode crusher (Depths:3)
  3 storm dragons
  3 tengu reavers
  3 sphinxes
  2 shadow dragons
  5 draconian monks (Depths:5)
  Ilsuiw (Shoals:5)
  4 ghost moths
  8 frost giants
  A deep elf sorcerer (Vaults:4)
  Donald (Spider:1)
  A draconian scorcher (Depths:5)
  17 vault wardens
  5 fire giants
  2 iron dragons (Depths:4)
  7 emperor scorpions
  Aizul (Shoals:5)
  3 draconian annihilators (Depths:5)
  10 very ugly things
  18 stone giants
  2 deep elf demonologists
  4 green draconians (Depths:5)
  2 war gargoyles
  4 vampire knights
  A mottled draconian (Vaults:2)
  3 dire elephants
  A purple draconian (Depths:5)
  4 black draconians (Depths:5)
  3 red draconians (Depths:5)
  3 deep elf annihilators
  A white draconian (Depths:5)
  A deep elf death mage (Elf:1)
  A death ooze (Slime:6)
  5 merfolk javelineers
  A very ugly thing zombie (Depths:5)
  A crystal guardian (Vaults:4)
  9 fire dragons
  2 jiangshi (Depths:3)
  6 ettins
  5 minotaurs
  8 ironheart preservers
  5 merfolk impalers
  5 yaktaur captains
  3 deep elf high priests
  4 hydras
  8 vault guards
  7 ice dragons
  15 great orbs of eyes
  14 ogre magi
  An anaconda (shapeshifter) (Depths:1)
  An ice dragon (shapeshifter) (Depths:3)
  4 deep troll earth magi
  3 rakshasas
  15 centaur warriors
  5 spriggan air magi
  3 alligator snapping turtles
  The ghost of Samadhi the Basher, an experienced DrIE of Ashenzari (Orc:3)
  A satyr (Shoals:4)
  4 merfolk aquamancers
  3 vampire magi
  43 death yaks
  8 deep troll shamans
  The ghost of chipmonk the Cleaver, an experienced MiFi of Okawaru (D:11)
  An orc high priest (Elf:2)
  A titan zombie (Depths:3)
  6 spriggan berserkers
  5 hell knights (Depths:5)
  A sun demon (Depths:5)
  3 soul eaters
  A catoblepas (Lair:8)
  2 storm dragon zombies (Depths:3)
  5 wizards
  A shadow wraith (Vaults:2)
  22 deep elf knights
  A fire crab (shapeshifter) (Vaults:4)
  3 unseen horrors
  27 orb spiders
  11 skeletal warriors
  3 ice devils
  4 iron trolls
  6 deep elf summoners
  A gelid demonspawn (Depths:1)
  12 sea snakes
  4 large abominations (Elf:2)
  A fire crab (Shoals:1)
  3 ice statues (IceCv)
  The ghost of SaintRoka the Basher, an experienced GrHu of Zin (D:8)
  26 deep trolls
  A death drake (Depths:5)
  A silver statue (Depths:5)
  4 giant orange brains
  A lindwurm (shapeshifter) (Vaults:4)
  A deep troll (shapeshifter) (Vaults:1)
  Pikel (D:7)
  11 ironbrand convokers
  8 hill giants
  11 harpies
  A sixfirhy (Depths:1)
  5 orc knights
  5 deep elf conjurers
  6 water nymphs
  8 necromancers
  8 shining eyes
  26 wolf spiders
  A salamander (shapeshifter) (Vaults:4)
  13 manticores
  5 red wasps
  8 fauns
  36 ugly things
  A fire giant zombie (Depths:5)
  A phantasmal warrior (Depths:2)
  An orc sorcerer (Vaults:4)
  A frost giant zombie (Depths:3)
  11 cyclopes
  16 griffons
  A black mamba (shapeshifter) (Vaults:2)
  Maurice (D:12)
  A smoke demon (Depths:5)
  A guardian serpent (shapeshifter) (Vaults:3)
  2 centaur zombies (D:10)
  A moth of wrath (Spider:5)
  5 eyes of devastation
  11 mermaids
  9 elephants
  3 black mambas
  An item mimic (Shoals:5)
  12 vault sentinels
  A molten gargoyle (Volcano)
  2 torpor snails
  A yaktaur (shapeshifter) (Vaults:3)
  A centaur skeleton (D:14)
  2 kobold demonologists
  5 gargoyles
  2 efreet (D:14)
  An orange demon (Depths:5)
  7 spiny frogs
  A sea snake zombie (Shoals:2)
  An iron devil (Depths:4)
  The ghost of inmateoo the Grave Robber, an experienced DsNe (D:5)
  4 yaktaur zombies
  A guardian serpent (Vaults:2)
  A hellwing (Depths:5)
  A komodo dragon (shapeshifter) (Vaults:3)
  10 komodo dragons
  A fire drake (Lair:3)
  A spiny frog (shapeshifter) (Depths:2)
  A blue devil (Depths:5)
  29 jumping spiders
  2 freezing wraiths (Vaults:4)
  A red devil (Depths:5)
  7 trolls
  31 yaktaurs
  17 two-headed ogres
  10 deep elf priests
  20 merfolk
  17 demonic crawlers
  7 boulder beetles
  6 wind drakes
  A minotaur skeleton (Lab)
  A fire vortex (Volcano)
  A harpy skeleton (D:15)
  A jumping spider (shapeshifter) (D:14)
  97 slime creatures
  A slime creature (shapeshifter) (Depths:2)
  31 trapdoor spiders
  4 deep troll zombies
  A raven (shapeshifter) (Depths:4)
  6 snapping turtles
  7 blink frogs
  6 basilisks
  A wandering mushroom (Lab)
  9 air elementals
  A deep troll skeleton (Depths:3)
  A ynoxinul (Depths:1)
  4 wraiths
  18 water elementals
  17 hippogriffs
  A spriggan (shapeshifter) (Depths:2)
  37 redbacks
  18 tarantellas
  A hog (D:7)
  A neqoxec (Depths:1)
  2 wyverns
  6 shadows
  A hill giant zombie (D:9)
  47 yaks
  A fire bat (Shoals:1)
  A human (D:7)
  34 deep elf fighters
  18 deep elf magi
  2 hungry ghosts
  10 golden eyes
  3 wargs
  A chaos spawn (Elf:2)
  3 soldier ants
  Edmund (D:5)
  4 mottled dragons
  5 vampire mosquitoes
  A fire elemental (Spider:1)
  8 wolves
  8 human zombies
  9 lightning spires
  A deep dwarf (shapeshifter) (D:13)
  4 small abominations (Elf:2)
  11 water moccasins
  A hell hound (Spider:1)
  2 gnoll sergeants (D:7)
  18 orc warriors
  10 porcupines
  A porcupine (shapeshifter) (Vaults:1)
  4 sky beasts
  2 phantoms
  13 ice beasts
  4 swamp drakes (Depths:5)
  A black bear (shapeshifter) (Vaults:1)
  38 spiders
  3 black bears
  46 ogres
  A slave (D:7)
  2 yellow wasps
  2 boring beetles (Spider:2)
  29 centaurs
  Sigmund (D:3)
  Duvessa (D:4)
  A big kobold (D:7)
  A brain worm (D:15)
  11 crocodiles
  5 boggarts
  Blork the orc (D:5)
  A wyvern zombie (D:13)
  19 giant frogs
  3 elf zombies
  10 scorpions
  12 eyes of draining
  3 wights (D:14)
  3 quasits
  A tengu skeleton (D:15)
  9 hounds
  8 crimson imps
  12 killer bees
  Dowan (D:4)
  27 jellies
  6 iron imps
  3 goliath beetles
  A two-headed ogre zombie (D:13)
  Crazy Yiuf (D:5)
  13 orc priests
  2 giant frog skeletons
  8 worker ants
  A gnoll shaman (D:7)
  5 iguanas
  26 orc wizards
  4 orange rats
  19 sheep
  A big kobold skeleton (D:7)
  An ogre skeleton (D:9)
  8 gnolls
  A scorpion zombie (D:8)
  A swamp drake zombie (Depths:5)
  3 orc skeletons
  6 shadow imps
  31 adders
  2 white imps
  A giant mite (D:4)
  44 green rats
  4 worms
  An iguana skeleton (D:5)
  8 giant geckos
  144 orcs
  10 bats
  6 giant cockroaches
  15 goblins
  12 hobgoblins
  24 jackals
  16 quokkas
  A ball python (D:5)
  3 giant newts
  2 gnoll skeletons
  A jackal skeleton (D:4)
  22 kobolds
  3 orc zombies
  18 rats
  A rat zombie (D:4)
  2 ballistomycetes (D:15)
  A fungus (Lair:3)
  9 plants
2180 creatures vanquished.

Vanquished Creatures (collateral kills)
  A golden dragon (Depths:4)
  A lich (Depths:5)
  A tentacled monstrosity (Vaults:2)
  3 acid blobs
  Agnes (Elf:1)
  2 tengu reavers
  4 fire giants
  An iron dragon (Depths:4)
  4 frost giants
  2 vault wardens (Vaults:2)
  2 deep elf sorcerers
  6 emperor scorpions
  Louise (Spider:4)
  A draconian annihilator (Depths:5)
  A reaper (Depths:1)
  A deep elf demonologist (Depths:5)
  4 stone giants
  A very ugly thing (Depths:5)
  4 dire elephants
  A pale draconian (Depths:5)
  A purple draconian (Depths:5)
  A deep elf annihilator (Vaults:2)
  A white draconian (Depths:5)
  A white draconian (shapeshifter) (Depths:5)
  5 ettins
  2 deep elf death magi (Depths:3)
  5 merfolk javelineers
  3 vault guards
  6 fire dragons
  2 minotaurs
  4 merfolk impalers
  6 ironheart preservers
  5 hydras
  A jiangshi (Depths:3)
  4 yaktaur captains
  2 great orbs of eyes
  Harold (Lair:1)
  8 ice dragons
  4 rakshasas
  Nessos (Orc:3)
  4 ogre magi
  2 centaur warriors
  A merfolk aquamancer (Shoals:4)
  6 deep troll earth magi
  18 death yaks
  2 satyrs
  A spriggan berserker (Depths:1)
  6 hell knights
  A catoblepas (shapeshifter) (Depths:5)
  A storm dragon zombie (Depths:3)
  A deep elf knight (Depths:3)
  2 iron trolls (Depths:4)
  3 catoblepae
  A shadow wraith (Vaults:2)
  A death drake (Depths:5)
  6 skeletal warriors
  A wizard (D:15)
  A large abomination (Elf:2)
  2 sea snakes (Shoals:3)
  8 orb spiders
  4 hill giants
  9 deep trolls
  A deep elf summoner (Elf:1)
  2 lindwurms (Depths:5)
  A shadow demon (Depths:5)
  A shadow dragon zombie (Depths:3)
  6 ironbrand convokers
  3 deep elf conjurers
  3 necromancers
  A mana viper (shapeshifter) (Depths:3)
  3 harpies
  4 orc knights
  A sphinx zombie (Depths:3)
  An iron dragon zombie (Depths:3)
  7 wolf spiders
  A phantasmal warrior (Depths:3)
  2 orc sorcerers
  3 water nymphs
  3 fauns
  15 ugly things
  3 red wasps
  6 griffons
  8 cyclopes
  6 elephants (Lair:7)
  A black mamba (shapeshifter) (Vaults:4)
  2 moths of wrath
  7 manticores
  8 mermaids
  An elf zombie (Depths:3)
  A torpor snail (Depths:3)
  6 vault sentinels
  7 spiny frogs
  An elf skeleton (Depths:3)
  16 yaktaurs
  A blue devil (Depths:5)
  3 deep elf priests
  A red devil (Depths:5)
  25 merfolk
  2 trolls
  6 jumping spiders
  2 kobold demonologists (Vaults:3)
  A polar bear (Lair:7)
  11 two-headed ogres
  A fire drake (Lair:8)
  3 boulder beetles
  2 wind drakes
  4 freezing wraiths
  7 blink frogs
  A slime creature (shapeshifter) (Depths:4)
  A shadow (Depths:3)
  29 slime creatures
  4 snapping turtles
  4 basilisks
  18 redbacks
  7 tarantellas
  A tarantella (shapeshifter) (Depths:1)
  A wyvern (D:12)
  A spriggan (Depths:4)
  3 trapdoor spiders
  26 yaks
  5 deep elf magi
  A water elemental (Depths:3)
  3 lightning spires
  2 fire bats (Shoals:1)
  A golden eye (Slime:4)
  Grum (Orc:4)
  12 deep elf fighters
  2 vampire mosquitoes (Vaults:3)
  A hungry ghost (D:15)
  A warg (Orc:4)
  A merfolk zombie (Shoals:2)
  3 hippogriffs
  5 wolves
  A water moccasin (Lair:4)
  11 spiders
  A mottled dragon (Vaults:2)
  9 orc warriors
  2 porcupines
  A soldier ant (shapeshifter) (Depths:3)
  5 swamp drakes (Depths:5)
  2 ice beasts (IceCv)
  2 boggarts (Depths:4)
  2 yellow wasps
  10 centaurs
  3 small abominations (Elf:2)
  2 crocodiles
  22 ogres
  A boring beetle (shapeshifter) (Vaults:3)
  2 boring beetles (Lair:7)
  4 giant frogs
  A wight (D:14)
  An eye of draining (Slime:2)
  10 jellies
  5 killer bees
  3 crimson imps
  6 hounds
  A giant frog zombie (D:12)
  5 orc priests
  A quasit (Depths:1)
  3 orc wizards
  2 orange rats (Lair:2)
  2 iguanas
  A worker ant (D:12)
  8 sheep
  25 green rats
  2 adders
  An orc zombie (Shoals:2)
  3 shadow imps
  5 white imps
  A worm (shapeshifter) (Vaults:3)
  4 oozes (Lair:8)
  30 orcs
  A hobgoblin (Orc:2)
  A quokka (Lair:4)
  A goblin (Elf:1)
  4 kobolds (Vaults:3)
  A fungus (Lair:7)
  9 plants
737 creatures vanquished.

Vanquished Creatures (others)
  2 stone giants (Depths:5)
  3 yaktaur captains
  A deep elf high priest (Depths:3)
  A deep troll shaman (Depths:5)
  A hell knight (Depths:5)
  A shadow wraith (Vaults:3)
  An orb spider (Spider:4)
  A deep troll (Depths:5)
  A lindwurm (Depths:5)
  A vault sentinel (Vaults:3)
  A spiny frog (Lair:8)
  5 yaktaurs
  A deep elf priest (Vaults:4)
  A jumping spider (Spider:1)
  A fire dragon zombie (Depths:5)
  3 deep elf magi (Elf:1)
  A spider (Spider:1)
  3 slaves (D:7)
  2 centaurs (Vaults:3)
  A lost soul (Depths:3)
  128 lightning spires
  3 gnolls (D:7)
  3 adders (Lair:8)
  4 giant spores
  5 ballistomycetes (D:15)
  6 butterflies (D:9)
  16 fungi
  72 plants
269 creatures vanquished.

Grand Total: 3186 creatures vanquished

Notes
Turn   | Place    | Note
--------------------------------------------------------------
     0 | D:1      | Kashira, the Naga Wizard, began the quest for the Orb.
     0 | D:1      | Reached XP level 1. HP: 15/15 MP: 4/4
   481 | D:1      | Reached XP level 2. HP: 16/22 MP: 6/6
  1673 | D:2      | Reached XP level 3. HP: 27/30 MP: 6/8
  1678 | D:2      | Learned a level 3 spell: Mephitic Cloud
  1682 | D:2      | Learned a level 3 spell: Conjure Flame
  1685 | D:2      | Learned a level 2 spell: Blink
  1743 | D:2      | Found a sparkling altar of Nemelex Xobeh.
  2504 | D:2      | Reached skill level 4 in Spellcasting
  2579 | D:2      | Reached XP level 4. HP: 37/37 MP: 7/11
  3163 | D:3      | Noticed Sigmund
  3174 | D:3      | Killed Sigmund
  3174 | D:3      | Reached skill level 1 in Fighting
  3174 | D:3      | Reached skill level 1 in Armour
  3174 | D:3      | Reached XP level 5. HP: 42/44 MP: 0/13
  3621 | D:4      | Found Xoej's Assorted Antiques.
  3723 | D:4      | Reached skill level 1 in Poison Magic
  3723 | D:4      | Reached XP level 6. HP: 51/51 MP: 12/16
  3736 | D:4      | Reached skill level 1 in Air Magic
  3920 | D:4      | Reached skill level 5 in Spellcasting
  4059 | D:4      | Found Faykoec's Armour Emporium.
  4104 | D:4      | Learned a level 2 spell: Repel Missiles
  4169 | D:4      | Reached XP level 7. HP: 30/57 MP: 2/18
  4279 | D:4      | Found Uhuxkaq's Assorted Antiques.
  4287 | D:4      | Bought a scroll of identify for 52 gold pieces
  4287 | D:4      | Bought a scroll of identify for 52 gold pieces
  4469 | D:4      | Found Iliobbaiqi's Magic Scroll Shop.
  4476 | D:4      | Bought a scroll of remove curse for 33 gold pieces
  4476 | D:4      | Bought a scroll of amnesia for 38 gold pieces
  4502 | D:4      | Noticed Dowan
  4505 | D:4      | Noticed Duvessa
  4508 | D:4      | Killed Dowan
  4521 | D:4      | Killed Duvessa
  4590 | D:4      | Found Guvam's Jewellery Emporium.
  4702 | D:5      | Entered Level 5 of the Dungeon
  4720 | D:5      | Noticed Edmund
  4755 | D:5      | Killed Edmund
  4915 | D:5      | Got an ichor-stained quarterstaff
  4916 | D:5      | Identified the +3 quarterstaff of the Chickpea {crush, +Blink MR+} (You found it on level 5 of the Dungeon)
  5001 | D:5      | Noticed inmateoo's ghost (experienced DsNe)
  5012 | D:5      | Killed inmateoo's ghost
  5012 | D:5      | Reached skill level 6 in Spellcasting
  5012 | D:5      | Reached XP level 8. HP: 58/64 MP: 9/21
  5259 | D:5      | Noticed Blork the orc
  5281 | D:5      | Killed Blork the orc
  5540 | D:5      | Gained mutation: Your magical capacity is low (-10% MP). [mutagenic meat]
  5541 | D:5      | Gained mutation: You are agile. (Dex +2) [mutagenic meat]
  5542 | D:5      | Gained mutation: You have a pair of small horns on your head. [mutagenic meat]
  5712 | D:5      | Found a deep blue altar of Sif Muna.
  5819 | D:5      | Reached skill level 5 in Conjurations
  6091 | D:5      | Noticed Crazy Yiuf
  6106 | D:5      | Killed Crazy Yiuf
  6337 | D:6      | Noticed Patate's ghost (experienced MiBe)
  6674 | D:6      | Noticed Eustachio
  7003 | D:7      | Reached skill level 7 in Spellcasting
  7003 | D:7      | Reached XP level 9. HP: 71/73 MP: 1/21
  7137 | D:7      | Noticed Pikel
  7149 | D:7      | Killed Pikel
  7149 | D:7      | Reached skill level 1 in Fire Magic
  7630 | D:7      | Identified the Volume of Lightness
  8957 | D:8      | Reached skill level 8 in Spellcasting
  8963 | D:8      | Learned a level 1 spell: Shock
  8968 | D:8      | Learned a level 4 spell: Iskenderun's Mystic Blast
  9318 | D:8      | Noticed SaintRoka's ghost (experienced GrHu)
  9323 | D:8      | Reached XP level 10. HP: 64/82 MP: 4/23
  9337 | D:8      | Killed SaintRoka's ghost
  9814 | D:8      | Found a radiant altar of Vehumet.
  9819 | D:8      | Found a sparkling altar of Nemelex Xobeh.
  9821 | D:8      | Found a stormy altar of Qazlal.
  9824 | D:8      | Found a snail-covered altar of Cheibriados.
  9824 | D:8      | Found a shimmering altar of Xom.
  9862 | D:8      | Became a worshipper of Cheibriados the Contemplative
  9981 | D:8      | Reached skill level 1 in Evocations
 11310 | D:9      | Reached skill level 9 in Spellcasting
 11310 | D:9      | Reached skill level 5 in Air Magic
 11947 | D:9      | Reached skill level 5 in Poison Magic
 12569 | D:9      | Reached XP level 11. HP: 90/90 MP: 15/25
 12937 | D:9      | Acquired Cheibriados' first power
 13017 | D:10     | Entered Level 10 of the Dungeon
 13024 | D:10     | Found Qucot's Jewellery Emporium.
 13121 | D:10     | Got a transparent brass ring
 13122 | D:10     | Identified the cursed ring "Gaod" {rElec rC- Str+1 Stlth+} (You found it on level 10 of the Dungeon)
 13125 | D:10     | Gained mutation: You are somewhat resistant to further mutation. [potion of mutation]
 13125 | D:10     | Lost mutation: Your magical capacity is low (-10% MP). [potion of mutation]
 13125 | D:10     | Gained mutation: You have a pair of horns on your head. [potion of mutation]
 13283 | D:10     | Noticed a hill giant
 13295 | D:10     | Killed a hill giant
 13764 | D:10     | Noticed a hill giant
 13784 | D:10     | Killed a hill giant
 13784 | D:10     | Reached skill level 10 in Spellcasting
 14044 | D:10     | Learned a level 5 spell: Lightning Bolt
 14171 | D:10     | Noticed an ogre mage
 14182 | D:10     | Killed an ogre mage
 14182 | D:10     | Acquired Cheibriados' second power
 14290 | D:10     | Learned a level 4 spell: Summon Lightning Spire
 14596 | D:11     | Noticed a six-headed hydra
 14723 | D:11     | Noticed an unseen horror
 14726 | D:11     | Noticed an eight-headed hydra
 14955 | D:12     | Noticed Maurice
 15018 | D:12     | Killed Maurice
 15265 | D:12     | Found a staircase to the Orcish Mines.
 15620 | D:12     | Noticed a hill giant
 15626 | D:12     | Noticed a hill giant
 15628 | D:12     | Killed a hill giant
 15633 | D:12     | Killed a hill giant
 15633 | D:12     | Reached XP level 12. HP: 99/99 MP: 15/31
 15806 | D:12     | Got a bronze ring mail
 15817 | D:12     | Identified the +5 ring mail of Emmybi {rC+ rN+ MR+} (You found it on level 12 of the Dungeon)
 16127 | D:12     | Noticed a skeletal warrior
 16129 | D:12     | Noticed a skeletal warrior
 16151 | D:12     | Killed a skeletal warrior
 16356 | D:12     | Acquired Cheibriados' third power
 16376 | D:12     | Noticed a skeletal warrior
 16382 | D:12     | Noticed a skeletal warrior
 16386 | D:12     | Upgraded the game from 0.15.0-18-g9076a4f to 0.15.0-23-gc2b521c
 16418 | D:12     | Killed a skeletal warrior
 16418 | D:12     | Killed a skeletal warrior
 16418 | D:12     | Reached skill level 5 in Dodging
 16436 | D:12     | Killed a skeletal warrior
 16436 | D:12     | Reached skill level 11 in Spellcasting
 17009 | D:11     | Reached skill level 1 in Invocations
 17026 | D:11     | Killed a seven-headed hydra
 17112 | D:11     | Noticed chipmonk's ghost (experienced MiFi)
 17121 | D:11     | Killed chipmonk's ghost
 17180 | D:11     | Killed an unseen horror
 17207 | D:11     | Found a staircase to the Lair.
 17669 | Lair:1   | Entered Level 1 of the Lair of Beasts
 17745 | Lair:1   | Noticed Harold
 17753 | Lair:1   | Killed Harold
 18302 | Lair:1   | Reached skill level 10 in Conjurations
 18752 | Lair:2   | Learned a level 4 spell: Alistair's Intoxication
 19129 | Lair:2   | Reached XP level 13. HP: 87/108 MP: 27/32
 19394 | Lair:2   | Learned a level 3 spell: Confuse
 20351 | Lair:4   | Found a frozen archway.
 20355 | IceCv    | Entered an ice cave
 20365 | IceCv    | Reached skill level 1 in Hexes
 20586 | IceCv    | Reached skill level 5 in Invocations
 20741 | IceCv    | Got a twitching copper amulet
 20744 | IceCv    | Identified the amulet "Ilei" {Inacc rPois} (You found it in an ice cave)
 20871 | Lair:4   | Found a hole to the Spider Nest.
 21337 | Lair:4   | Reached skill level 12 in Spellcasting
 22201 | Lair:6   | Found a dark tunnel.
 22206 | Volcano  | Entered a volcano
 22261 | Volcano  | Reached skill level 5 in Fighting
 22639 | Lair:6   | Reached skill level 5 in Armour
 22639 | Lair:6   | Reached XP level 14. HP: 109/117 MP: 10/34
 22667 | Lair:6   | Found a staircase to the Shoals.
 23378 | Lair:6   | Got a faintly glowing arbalest
 23408 | Lair:6   | Identified the cursed +3 arbalest of Hiobo {velocity, rPois MR++ Dex+4} (You found it on level 6 of the Lair of Beasts)
 23604 | Lair:7   | Found a labyrinth entrance.
 23612 | Lab      | Entered a labyrinth
 25008 | Lair:8   | Entered Level 8 of the Lair of Beasts
 25017 | Lair:8   | Found a staircase to the Slime Pits.
 25064 | Lair:8   | Noticed an azure jelly
 25657 | Lair:8   | Reached XP level 15. HP: 77/126 MP: 22/35
 25829 | Lair:8   | Got a faintly humming naga barding
 25835 | Lair:8   | Identified the +3 naga barding "Skoeseo" {Dex+4 Int+1} (You found it on level 8 of the Lair of Beasts)
 25983 | Lair:8   | Reached skill level 13 in Spellcasting
 26429 | Lair:8   | Killed an azure jelly
 26659 | Lair:2   | Learned a level 6 spell: Iron Shot
 26741 | Orc:1    | Entered Level 1 of the Orcish Mines
 27160 | Orc:3    | Noticed Nessos
 27165 | Orc:3    | Killed Nessos
 27490 | Orc:4    | Entered Level 4 of the Orcish Mines
 27490 | Orc:4    | Noticed Grum
 27494 | Orc:4    | Reached skill level 10 in Air Magic
 27499 | Orc:4    | Killed Grum
 27608 | Orc:4    | Found Katheaha's Antique Weapon Shoppe.
 27862 | Orc:4    | Found Axkuntia's General Store.
 27914 | Orc:4    | Bought a scroll of blinking for 90 gold pieces
 27914 | Orc:4    | Bought 2 potions of curing for 48 gold pieces
 27915 | Orc:4    | Bought a +2 cloak of darkness for 258 gold pieces
 27942 | Orc:4    | Found Ekhlaagg's Antique Armour Boutique.
 28472 | Orc:4    | Found Laryto's Book Boutique.
 28477 | Orc:4    | Found a staircase to the Elven Halls.
 28880 | Elf:1    | Entered Level 1 of the Elven Halls
 28892 | Orc:4    | Reached skill level 5 in Summonings
 29162 | Orc:3    | Noticed Samadhi's ghost (experienced DrIE)
 29167 | Orc:3    | Killed Samadhi's ghost
 30459 | Orc:4    | Bought a book of the Warp for 1260 gold pieces
 30618 | Lair:2   | Learned a level 4 spell: Control Teleport
 30788 | Shoals:1 | Entered Level 1 of the Shoals
 31355 | D:4      | Bought a +2 buckler of protection for 279 gold pieces
 31847 | Shoals:1 | HP: 6/126 [cloud of flame (19)]
 32425 | Shoals:1 | Found Gab Iducs' Jewellery Boutique.
 32588 | Shoals:1 | Reached skill level 1 in Shields
 33591 | Shoals:2 | Reached XP level 16. HP: 133/133 MP: 36/36
 33594 | Shoals:2 | Noticed Saint Roka
 33603 | Shoals:2 | Reached skill level 1 in Charms
 34100 | Shoals:2 | Reached skill level 1 in Earth Magic
 35202 | Shoals:3 | Reached skill level 14 in Spellcasting
 35493 | Shoals:4 | Noticed Mara
 35953 | Spider:1 | Entered Level 1 of the Spider Nest
 36330 | Spider:1 | Noticed Donald
 36461 | Spider:1 | Killed Donald
 36618 | Spider:1 | Noticed Azrael
 38693 | Spider:2 | Reached skill level 5 in Shields
 39188 | Spider:3 | Reached XP level 17. HP: 125/142 MP: 37/37
 40484 | Spider:4 | Noticed Asterion
 40489 | Spider:4 | Killed Asterion
 40999 | Spider:4 | Reached skill level 1 in Throwing
 41261 | Spider:4 | Noticed Louise
 41265 | Spider:4 | Killed Louise
 42769 | Spider:5 | Entered Level 5 of the Spider Nest
 43036 | Spider:5 | Learned a level 5 spell: Lee's Rapid Deconstruction
 43698 | Spider:5 | Reached skill level 15 in Spellcasting
 44023 | Spider:5 | Reached XP level 18. HP: 137/152 MP: 0/39
 44320 | Spider:5 | Got a gossamer rune of Zot
 45120 | Lair:2   | Was placed under penance by Cheibriados
 45438 | Elf:1    | Was forgiven by Cheibriados
 45728 | Elf:1    | Noticed Agnes
 45741 | Elf:1    | Killed Agnes
 48068 | Elf:2    | Reached skill level 5 in Translocations
 48695 | D:11     | Killed an eight-headed hydra
 48968 | Shoals:1 | Bought the amulet "Oriuch" {rMut Str+2 Int+3} for 747 gold pieces
 48997 | Shoals:2 | Killed Saint Roka
 49230 | Shoals:4 | Noticed Kashira's illusion
 49502 | Shoals:5 | Entered Level 5 of the Shoals
 49656 | Shoals:5 | Noticed Ilsuiw
 50625 | Shoals:4 | Reached XP level 19. HP: 143/159 MP: 40/40
 51291 | Shoals:5 | Killed Ilsuiw
 51708 | Shoals:5 | Got a barnacled rune of Zot
 51822 | Shoals:5 | Got an ancient amber ring
 51823 | Shoals:5 | Identified the ring of Obsession {rPois EV+1 SInv} (You found it on level 5 of the Shoals)
 51995 | Shoals:5 | Noticed Aizul
 52001 | Shoals:5 | Killed Aizul
 52821 | D:13     | Reached skill level 16 in Spellcasting
 53093 | D:13     | Found a gate to the Vaults.
 55316 | D:15     | Entered Level 15 of the Dungeon
 56305 | D:15     | Found a staircase to the Depths.
 56420 | D:15     | Gained mutation: Your magical capacity is low (-10% MP). [mutagenic meat]
 56661 | Depths:1 | Entered Level 1 of the Depths
 56661 | Depths:1 | Found a one-way gate to the infinite horrors of the Abyss.
 57476 | Depths:1 | Found a one-way gate leading to the halls of Pandemonium.
 57989 | Depths:1 | Reached XP level 20. HP: 124/169 MP: 29/36
 58659 | Depths:1 | Found a gateway to Hell.
 59472 | Depths:1 | Found a bloodstained altar of Trog.
 60091 | Depths:1 | Reached skill level 10 in Shields
 60844 | Depths:2 | Identified 2 scrolls of acquirement
 61827 | Depths:2 | Found a gateway to a ziggurat.
 62186 | Depths:2 | Found Emouv's Antique Armour Boutique.
 64430 | Depths:3 | Reached XP level 21. HP: 173/173 MP: 6/36
 64849 | Depths:3 | Reached skill level 17 in Spellcasting
 65900 | Depths:3 | Identified a +2 rod of destruction (13/13) (You took it off a minotaur on level 3 of the Depths)
 65905 | Depths:3 | Identified the Reference Book on Unholy Rituals and Talismans (You found it on level 3 of the Depths)
 66219 | Depths:3 | Reached skill level 10 in Translocations
 67752 | Depths:4 | Noticed a golden dragon
 67760 | Depths:4 | Killed a golden dragon
 68746 | Depths:4 | Learned a level 7 spell: Controlled Blink
 69725 | Depths:4 | Reached skill level 5 in Earth Magic
 69982 | Depths:4 | Identified the Volume of Augmentations (You found it on level 4 of the Depths)
 70114 | Depths:4 | Reached XP level 22. HP: 183/183 MP: 37/37
 70153 | Depths:5 | Entered Level 5 of the Depths
 70424 | Depths:5 | Gained mutation: You have a pair of large horns on your head. [mutagenic meat]
 70589 | Depths:5 | Found a sparkling altar of Nemelex Xobeh.
 71620 | Depths:5 | Reached skill level 10 in Dodging
 73765 | Depths:5 | Upgraded the game from 0.15.0-23-gc2b521c to 0.15.0-25-gd84c1e8
 74061 | Depths:5 | Reached skill level 18 in Spellcasting
 74575 | Depths:5 | Found a gate to the Realm of Zot.
 74981 | Depths:5 | Reached XP level 23. HP: 179/188 MP: 21/38
 75363 | Depths:2 | Reached skill level 15 in Conjurations
 75665 | Depths:2 | Noticed a golden dragon
 76202 | Depths:1 | Killed a golden dragon
 77274 | Lair:2   | Lost mutation: You have a pair of large horns on your head. [potion of cure mutation]
 77274 | Lair:2   | Lost mutation: You are agile. (Dex +2) [potion of cure mutation]
 77274 | Lair:2   | Lost mutation: Your magical capacity is low (-10% MP). [potion of cure mutation]
 77274 | Lair:2   | Lost mutation: You have a pair of horns on your head. [potion of cure mutation]
 77275 | Lair:2   | Lost mutation: You are somewhat resistant to further mutation. [potion of cure mutation]
 77275 | Lair:2   | Lost mutation: You have a pair of small horns on your head. [potion of cure mutation]
 77505 | Vaults:1 | Entered Level 1 of the Vaults
 78247 | Vaults:1 | Learned a level 4 spell: Airstrike
 80238 | Vaults:2 | Noticed Jory
 80253 | Vaults:2 | Killed Jory
 81639 | Vaults:2 | Reached XP level 24. HP: 61/197 MP: 8/44
 83947 | Vaults:3 | Learned a level 6 spell: Freezing Cloud
 84786 | Vaults:3 | Gained mutation: Your muscles are strong. (Str +2) [mutagenic meat]
 85191 | Vaults:3 | Found a basalt altar of Yredelemnul.
 85192 | Vaults:3 | Found a staircase to the Crypt.
 85194 | Vaults:3 | Found an ancient bone altar of Kikubaaqudgha.
 85478 | Vaults:3 | Reached skill level 19 in Spellcasting
 86281 | Vaults:4 | Reached skill level 10 in Summonings
 87788 | Vaults:4 | Reached XP level 25. HP: 159/205 MP: 8/45
 88263 | Vaults:4 | Gained mutation: Your muscles are very strong. (Str +4) [mutagenic meat]
 88264 | Vaults:4 | Gained mutation: You are clumsy. (Dex -2) [mutagenic meat]
 88265 | Vaults:4 | Gained mutation: You can breathe flames. [mutagenic meat]
 88266 | Vaults:4 | Gained mutation: You are partially covered in icy blue scales (AC +1). [mutagenic meat]
 88930 | Orc:4    | Bought a book of Annihilations for 1545 gold pieces
 89323 | Slime:1  | Entered Level 1 of the Pits of Slime
 90425 | Slime:2  | Reached skill level 15 in Air Magic
 94153 | Slime:4  | Found a viscous altar of Jiyva.
 94978 | Slime:6  | Entered Level 6 of the Pits of Slime
 95573 | Slime:6  | Noticed the royal jelly
 96160 | Slime:6  | Demolished by an acid blob

Action                   |  1- 3 |  4- 6 |  7- 9 | 10-12 | 13-15 | 16-18 | 19-21 | 22-24 | 25-27 || total
-------------------------+-------+-------+-------+-------+-------+-------+-------+-------+-------++-------
Melee: Short sword       |    45 |    12 |       |       |       |       |       |       |       ||    57
       Unarmed           |     3 |       |       |       |       |       |       |       |       ||     3
       Whip              |       |    39 |       |       |       |       |       |       |       ||    39
       Dagger            |       |       |     6 |       |       |       |       |       |       ||     6
       Flail             |       |       |     2 |       |    78 |   191 |    39 |       |       ||   310
       Quarterstaff      |       |       |    48 |   220 |   495 |       |       |       |       ||   763
       Demon whip        |       |       |       |       |       |   604 |   645 |   972 |   266 ||  2487
       Staff             |       |       |       |       |       |       |       |    38 |       ||    38
Throw: Javelin           |       |       |       |     2 |       |    24 |    34 |   180 |     7 ||   247
       Throwing net      |       |       |       |       |       |     3 |     9 |       |       ||    12
 Cast: Magic Dart        |    52 |    83 |   257 |   291 |   269 |   232 |    83 |       |       ||  1267
       Mephitic Cloud    |     2 |    15 |    45 |    77 |    68 |   101 |    66 |    98 |     6 ||   478
       Blink             |     1 |       |       |    29 |    13 |    19 |    20 |     7 |     4 ||    93
       Conjure Flame     |       |       |    11 |    20 |     8 |    17 |   142 |    71 |     1 ||   270
       Repel Missiles    |       |       |     2 |     2 |     2 |    10 |     9 |     1 |     1 ||    27
       Shock             |       |       |    11 |   257 |   419 |   157 |   192 |   183 |     6 ||  1225
       Iskenderun's Myst |       |       |     1 |    29 |    17 |    48 |    57 |    54 |    11 ||   217
       Summon Lightning  |       |       |       |    45 |   125 |   158 |   178 |   195 |    47 ||   748
       Lightning Bolt    |       |       |       |     2 |    37 |    69 |   136 |   144 |   197 ||   585
       Alistair's Intoxi |       |       |       |     2 |     2 |       |       |       |       ||     4
       Confuse           |       |       |       |       |    13 |    12 |     7 |     4 |       ||    36
       Iron Shot         |       |       |       |       |    15 |    89 |   192 |   175 |    36 ||   507
       Control Teleport  |       |       |       |       |     1 |    40 |    47 |    20 |    20 ||   128
       Lee's Rapid Decon |       |       |       |       |       |     2 |     5 |    16 |    15 ||    38
       Airstrike         |       |       |       |       |       |       |       |     5 |       ||     5
       Freezing Cloud    |       |       |       |       |       |       |       |    18 |    15 ||    33
       Controlled Blink  |       |       |       |       |       |       |       |     2 |     3 ||     5
Invok: Slouch            |       |       |       |       |     1 |       |     3 |       |       ||     4
       Bend Time         |       |       |       |       |       |     2 |       |       |     1 ||     3
       Step From Time    |       |       |       |       |       |       |     1 |       |       ||     1
 Abil: Spit Poison       |    26 |    38 |    61 |    92 |   173 |   223 |   145 |   217 |    18 ||   993
       Evoke Blink       |       |       |       |    15 |     3 |       |       |       |       ||    18
       Evoke Invisibilit |       |       |       |       |       |     3 |       |       |       ||     3
       Breathe Fire      |       |       |       |       |       |       |       |       |     1 ||     1
Evoke: Wand              |       |     1 |     1 |    28 |     3 |     5 |     3 |     5 |     3 ||    49
       Box of beasts     |       |       |       |       |       |       |     7 |       |       ||     7
       Deck              |       |       |       |       |       |       |     3 |     6 |       ||     9
       Rod               |       |       |       |       |       |       |       |     1 |       ||     1
       tome              |       |       |       |       |       |       |       |     1 |       ||     1
  Use: Scroll            |       |     4 |    10 |    13 |    19 |    12 |    23 |    10 |     5 ||    96
       Potion            |       |       |     2 |     9 |     5 |     9 |     4 |     7 |     4 ||    40
 Stab: Confused          |     1 |     4 |     1 |     9 |    10 |    22 |    12 |    32 |     1 ||    92
       Distracted        |       |       |       |     4 |    19 |    25 |    23 |    31 |     7 ||   109
       Sleeping          |       |       |       |     1 |     1 |       |     1 |       |       ||     3
       Invisible         |       |       |       |       |       |     1 |       |       |       ||     1
  Eat: Chunk             |     7 |     8 |    21 |    28 |    44 |    49 |    52 |    60 |     8 ||   277
       Fruit             |       |       |     1 |     3 |       |       |       |       |       ||     4
       Pizza             |       |       |     1 |       |       |       |     2 |       |       ||     3
       Beef jerky        |       |       |     1 |     3 |     1 |       |       |       |       ||     5
       Bread ration      |       |       |       |       |       |     1 |       |       |     4 ||     5
       Meat ration       |       |       |       |       |       |       |     1 |       |       ||     1
